Map: Newkirk Precinct TE (Void)

Players

Nerchio

  • Race: Zerg Zerg
  • Spawn Location: 5:00

Zest - Winner!

  • Race: Protoss Protoss
  • Spawn Location: 7:00

Event: IEM XI Katowice - World Championship 2017

VOD

Have the link to the VOD?

Description

Time

  • Played on: March 3, 2017, 6:38 a.m.
  • Length: 36:40

All games in this series

Show
View Real Time Build Order
Export as new Build Order

Nerchio Zerg 

Build Orders: Hatch First, Lurkers 

Get SALT Encoding   

  12  0:00  Drone  
  13  0:13  Overlord  
  13  0:18  Drone  
  14  0:31  Drone x2  
  14  0:35  Drone  
  17  0:52  Drone  
  18  1:00  Hatchery, Drone  
  18  1:07  Extractor  
  17  1:15  Spawning Pool  
  16  1:19  Drone  
  16  1:22  Drone  
  18  1:28  Drone  
  19  1:39  Overlord  
  19  1:50  Drone  
  20  2:01  Queen  
  20  2:02  Zergling x2  
  20  2:06  Metabolic Boost  
  23  2:11  Queen  
  25  2:16  Drone  
  25  2:19  Zergling x2  
  27  2:23  Drone  
  27  2:26  Drone  
  29  2:32  Drone  
  29  2:33  Drone  
  31  2:50  Hatchery  
  30  2:54  Overlord  
  30  2:56  Drone  
  31  2:59  Drone  
  31  3:04  Overlord  
  32  3:10  Zergling x2  
  32  3:13  Drone x2  
  32  3:15  Drone  
  32  3:16  Drone  
  36  3:22  Queen  
  36  3:25  Drone  
  39  3:28  Drone  
  39  3:30  Drone  
  39  3:34  Drone x2  
  43  3:40  Roach Warren  
  42  3:47  Lair  
  42  3:49  Drone  
  42  3:52  Extractor, Drone  
  42  3:53  Drone  
  45  3:55  Drone  
  45  3:59  Overlord  
  45  4:03  Drone  
  45  4:06  Zergling x2  
  45  4:07  Zergling x2  
  45  4:08  Zergling x2  
  49  4:13  Overlord  
  49  4:15  Zergling x2  
  50  4:30  Roach x4  
  50  4:31  Roach  
  60  4:39  Roach  
  60  4:40  Overlord  
  60  4:42  Roach  
  63  4:48  Overseer  
  63  4:50  Drone x4  
  66  4:53  Drone  
  66  4:54  Drone x3  
  66  4:55  Extractor  
  66  4:59  Overseer  
  69  5:02  Queen  
  70  5:09  Drone x2  
  70  5:10  Drone  
  70  5:12  Drone x3  
  72  5:14  Drone  
  73  5:21  Hydralisk Den  
  73  5:27  Glial Reconstitution, Drone x2  
  73  5:30  Overlord x2  
  73  5:35  Overlord  
  73  5:42  Extractor  
  72  5:45  Overseer, Overlord  
  72  5:52  Drone x9  
  81  5:57  Evolution Chamber  
  81  5:58  Muscular Augments  
  78  6:04  Drone x4  
  80  6:11  Queen  
  80  6:16  Drone x4  
  86  6:18  Extractor  
  86  6:20  Extractor  
  84  6:27  Roach x5  
  84  6:29  Roach  
  84  6:30  Roach  
  98  6:33  Overlord  
  98  6:38  Zerg Missile Weapons Level 1  
  98  6:39  Overlord  
  96  6:40  Overlord  
  96  6:44  Hydralisk  
  96  6:45  Hydralisk  
  100  6:50  Hydralisk x2  
  100  6:52  Overlord  
  104  6:55  Overlord  
  104  7:02  Hydralisk x3  
  104  7:07  Hydralisk  
  104  7:08  Hydralisk  
  114  7:10  Zergling x2  
  114  7:15  Hydralisk x2  
  117  7:17  Drone x3  
  122  7:32  Drone x2  
  122  7:33  Hatchery  
  122  7:36  Lurker Den  
  123  7:37  Overseer  
  123  7:41  Roach x5  
  132  7:46  Ravager x3  
  132  7:47  Overlord, Ravager  
  132  7:48  Overlord  
  136  7:57  Overlord  
  136  8:15  Overlord, Drone x2  
  136  8:16  Spire  
  137  8:20  Overlord  
  137  8:21  Drone x2  
  137  8:22  Drone x6  
  145  8:28  Hydralisk x2  
  145  8:29  Hydralisk x2  
  145  8:33  Extractor  
  152  8:35  Overlord  
  152  8:37  Extractor  
  152  8:40  Zerg Missile Weapons Level 2  
  151  8:42  Drone x2  
  151  8:43  Overlord  
  151  8:47  Zergling x10  
  158  8:56  Infestation Pit  
  158  9:01  Queen  
  159  9:02  Spore Crawler  
  158  9:13  Lurker  
  157  9:22  Overlord  
  158  9:24  Lurker x7  
  158  9:28  Spore Crawler, Drone x3  
  158  9:29  Spore Crawler  
  158  9:30  Lurker x3  
  168  9:32  Spore Crawler  
  168  9:35  Corruptor  
  168  9:36  Corruptor  
  168  9:37  Spore Crawler  
  170  9:38  Overlord  
  170  9:39  Corruptor  
  170  9:43  Corruptor  
  174  9:50  Corruptor  
  174  9:52  Hatchery  
  175  9:55  Corruptor  
  175  9:58  Corruptor  
  179  10:06  Extractor  
  178  10:09  Corruptor x2  
  181  10:16  Corruptor x2  
  181  10:18  Zergling x4  
  181  10:19  Zergling x18  
  196  10:26  Hive  
  196  10:28  Spore Crawler  
  196  10:31  Infestor  
  196  10:32  Overlord  
  197  10:40  Pathogen Glands  
  197  11:02  Zerg Melee Weapons Level 1, Infestor  
  199  11:07  Overlord  
  199  11:08  Overlord  
  199  11:15  Hatchery  
  195  11:25  Hatchery  
  192  11:30  Infestor x2  
  192  11:32  Hydralisk  
  192  11:33  Hydralisk x3  
  192  11:34  Spore Crawler  
  199  11:42  Spine Crawler  
  199  11:43  Spine Crawler  
  199  11:44  Spine Crawler x2  
  195  11:52  Corruptor x4  
  199  11:58  Evolution Chamber  
  198  12:02  Adrenal Glands  
  198  12:03  Greater Spire  
  198  12:05  Ultralisk Cavern  
  196  12:15  Zergling x42  
  197  12:21  Drone x2  
  199  12:27  Spore Crawler x2  
  197  12:44  Zerg Ground Armor Level 1  
  197  12:51  Infestor  
  197  12:52  Infestor  
  197  12:55  Hatchery  
  197  12:56  Infestor  
  197  12:57  Infestor x2  
  197  12:58  Infestor x2  
  177  13:14  Zergling x20  
  177  13:18  Neural Parasite  
  184  13:36  Brood Lord x3  
  184  13:37  Brood Lord  
  184  13:38  Extractor  
  191  13:47  Corruptor x2  
  193  13:58  Corruptor  
  193  14:00  Hatchery  
  179  14:05  Drone x3  
  179  14:06  Corruptor  
  179  14:09  Overseer  
  183  14:16  Burrow  
  183  14:17  Drone  
  183  14:18  Drone x2  
  183  14:19  Drone  
  183  14:22  Drone  
  183  14:23  Drone  
  189  14:26  Drone  
  189  14:28  Drone  
  189  14:29  Drone  
  192  14:38  Zerg Flyer Armor Level 1  
  192  14:40  Overlord  
  192  14:41  Overseer x2  
  192  14:48  Zergling x2  
  192  14:49  Zergling x6  
  196  14:58  Brood Lord x2  
  195  15:02  Zerg Melee Weapons Level 2  
  195  15:13  Zergling x4  
  195  15:14  Zergling x6  
  192  15:26  Extractor  
  191  15:28  Spore Crawler  
  191  15:30  Spore Crawler  
  191  15:31  Spore Crawler  
  191  15:33  Drone  
  191  15:34  Drone x3  
  191  15:35  Zergling x10  
  192  15:36  Zergling x8  
  192  15:38  Zergling x2  
  196  15:49  Corruptor x3  
  190  15:57  Drone  
  190  15:58  Drone x2  
  193  16:04  Chitinous Plating  
  193  16:13  Drone x2  
  193  16:14  Drone  
  196  16:23  Hatchery  
  195  16:27  Baneling Nest  
  195  16:30  Zergling x12  
  200  16:38  Spine Crawler  
  199  16:40  Spore Crawler  
  198  16:47  Zerg Flyer Armor Level 2  
  198  16:51  Drone x2  
  200  16:57  Spore Crawler  
  200  16:59  Spore Crawler  
  198  17:15  Spore Crawler x2  
  196  17:16  Spore Crawler  
  193  17:26  Drone  
  193  17:27  Drone  
  195  17:45  Drone  
  195  17:46  Drone  
  197  17:53  Spore Crawler  
  197  17:54  Spore Crawler  
  186  18:00  Extractor  
  185  18:06  Zergling x2  
  185  18:07  Zergling x8  
  187  18:26  Ultralisk x2  
  199  18:30  Baneling Nest  
  198  18:39  Spore Crawler  
  198  18:40  Spore Crawler  
  196  18:46  Spore Crawler  
  196  18:48  Spore Crawler x2  
  194  18:52  Drone  
  194  18:55  Spore Crawler  
  193  19:02  Centrifical Hooks  
  193  19:03  Zerg Flyer Weapons Level 1  
  193  19:07  Baneling x5  
  193  19:13  Infestor  
  193  19:14  Infestor x2  
  199  19:18  Spore Crawler x2  
  199  19:21  Zerg Melee Weapons Level 3  
  197  19:25  Extractor, Drone  
  197  19:26  Drone x3  
  200  19:57  Hatchery  
  199  20:17  Infestor x11  
  199  20:25  Hatchery  
  198  20:33  Spore Crawler  
  198  20:34  Spore Crawler  
  198  20:35  Spore Crawler  
  195  20:38  Infestor x2  
  199  20:44  Baneling x11  
  197  21:08  Corruptor x5  
  199  21:22  Corruptor x2  
  199  21:31  Spore Crawler x3, Extractor  
  195  21:33  Spore Crawler, Corruptor x3  
  195  21:35  Zerg Flyer Weapons Level 2  
  200  21:53  Corruptor  
  200  21:54  Corruptor  
  196  21:55  Spore Crawler  
  196  21:57  Spore Crawler x2, Zerg Ground Armor Level 2  
  196  22:00  Spore Crawler  
  196  22:39  Corruptor x3  
  199  23:04  Spore Crawler  
  199  23:05  Spore Crawler  
  197  23:06  Spore Crawler  
  195  23:14  Brood Lord  
  195  23:15  Brood Lord  
  195  23:27  Corruptor x2  
  199  23:40  Spore Crawler  
  199  23:41  Spore Crawler x2, Pneumatized Carapace  
  197  23:43  Spore Crawler  
  197  23:45  Spore Crawler x2  
  197  23:46  Hatchery  
  192  23:51  Zerg Flyer Armor Level 3  
  192  24:05  Extractor  
  185  24:24  Zergling x6  
  185  24:27  Ultralisk  
  194  24:46  Spore Crawler x2  
  194  24:47  Spore Crawler  
  194  24:48  Spore Crawler  
  194  24:52  Spine Crawler x2  
  186  25:04  Zerg Ground Armor Level 3  
  186  25:05  Spore Crawler  
  185  25:08  Spore Crawler  
  185  25:10  Brood Lord x2  
  185  25:11  Brood Lord  
  184  25:27  Drone x4  
  185  25:39  Drone x3  
  185  25:41  Drone x3  
  178  26:12  Ultralisk  
  178  26:13  Infestor x2  
  178  26:14  Infestor x4  
  178  26:15  Infestor  
  178  26:16  Infestor  
  200  26:19  Extractor  
  199  26:28  Zerg Flyer Weapons Level 3  
  199  26:34  Spore Crawler  
  199  26:35  Spore Crawler x3  
  195  26:41  Overseer x5  
  195  27:35  Infestor x2  
  199  27:45  Spore Crawler  
  198  28:00  Spore Crawler x3  
  195  28:15  Zergling x2  
  195  28:16  Zergling x8  
  200  28:36  Infestor  
  200  28:37  Infestor x5  
  200  28:46  Spore Crawler  
  200  28:48  Spore Crawler x2  
  145  29:08  Corruptor x4  
  124  29:15  Infestor x2  
  114  29:17  Zergling x12  
  114  29:18  Zergling x18  
  114  29:20  Infestor x2  
  114  29:21  Infestor  
  114  29:22  Corruptor x12  
  134  29:44  Drone x3  
  129  30:06  Infestor x2  
  112  30:19  Infestor  
  111  30:22  Drone  
  111  30:23  Drone  
  113  30:29  Drone  
  113  30:34  Drone  
  115  30:43  Drone  
  115  30:45  Drone  
  115  30:48  Drone  
  118  31:01  Drone  
  118  31:02  Drone x2  
  121  31:09  Infestor  
  123  31:13  Infestor  
  125  31:20  Infestor  
  125  31:23  Infestor  
  129  31:29  Infestor  
  131  31:35  Roach x2  
  131  31:39  Infestor  
  135  31:44  Infestor  
  139  31:50  Brood Lord  
  141  31:59  Brood Lord  
  143  32:21  Brood Lord, Corruptor x2  
  149  32:34  Corruptor  
  149  32:35  Corruptor  
  153  32:50  Zergling x2  
  153  32:51  Zergling x16  
  162  33:01  Zergling x2  
  162  33:02  Zergling x8  
  126  33:22  Infestor x2  
  126  33:25  Zergling x2  
  126  33:26  Zergling x12  
  120  33:28  Zergling x2  
  99  33:35  Zergling x2  
  99  33:36  Zergling x6  
  99  33:39  Zergling x2  
  91  33:43  Zergling x2  
  91  33:46  Zergling x2  
  91  33:58  Zergling x2  
  91  33:59  Zergling x4  
  91  34:01  Zergling x2  
  94  34:10  Zergling x2  
  94  34:11  Zergling x2  
  96  34:20  Corruptor  
  98  34:28  Corruptor  
  100  34:32  Hydralisk  
  100  34:37  Zergling x6  
  105  34:42  Zergling x2  
  106  34:46  Zergling x4  
  106  34:47  Zergling x2  
  109  34:55  Zergling x6  
  109  35:54  Hatchery  
  98  36:17  Drone  
  98  36:18  Drone  
Show
View Real Time Build Order
Export as new Build Order

Zest Protoss - Winner!

Build Orders: 1 Gate Expand, Zealot Archon, Dark Templar Rush 

Get SALT Encoding   

  12  0:01  Probe (Chrono Boost)  
  13  0:11  Probe (Chrono Boost)  
  14  0:18  Pylon  
  14  0:22  Probe (Chrono Boost)  
  15  0:36  Probe (Chrono Boost)  
  15  0:39  Gateway  
  16  0:47  Probe (Chrono Boost)  
  16  0:49  Assimilator  
  17  0:57  Probe (Chrono Boost)  
  18  1:08  Probe (Chrono Boost)  
  19  1:22  Nexus  
  19  1:26  Probe (Chrono Boost)  
  20  1:35  Cybernetics Core  
  20  1:38  Probe (Chrono Boost)  
  21  1:44  Assimilator  
  21  1:49  Probe (Chrono Boost)  
  21  1:54  Pylon  
  23  2:01  Probe (Chrono Boost)  
  23  2:09  Adept  
  23  2:13  Warp Gate, Probe (Chrono Boost)  
  26  2:26  Mothership Core (Chrono Boost)  
  28  2:34  Probe (Chrono Boost)  
  29  2:44  Probe x2 (Chrono Boost)  
  29  2:45  Twilight Council  
  31  2:55  Probe x2 (Chrono Boost)  
  33  3:01  Robotics Facility  
  35  3:05  Probe x2 (Chrono Boost)  
  35  3:16  Probe x2 (Chrono Boost)  
  37  3:26  Probe x2 (Chrono Boost)  
  39  3:32  Dark Shrine  
  39  3:33  Gateway  
  39  3:37  Probe x2 (Chrono Boost)  
  39  3:40  Gateway  
  41  3:43  Gateway  
  41  3:47  Warp Prism  
  42  3:48  Probe (Chrono Boost)  
  44  3:56  Pylon  
  44  3:58  Probe (Chrono Boost)  
  44  4:01  Probe (Chrono Boost)  
  46  4:05  Pylon  
  46  4:07  Assimilator  
  46  4:09  Assimilator  
  46  4:14  Probe (Chrono Boost)  
  46  4:16  Probe (Chrono Boost)  
  48  4:25  Probe (Chrono Boost)  
  48  4:28  Probe (Chrono Boost)  
  50  4:35  Pylon  
  50  4:37  Probe (Chrono Boost)  
  52  4:40  Probe (Chrono Boost)  
  52  4:44  Nexus  
  52  4:49  Dark Templar x3  
  52  4:50  Dark Templar  
  60  4:59  Pylon  
  60  5:12  Probe (Chrono Boost)  
  60  5:13  Probe (Chrono Boost)  
  62  5:15  Gateway  
  62  5:17  Gateway  
  62  5:19  Forge  
  62  5:21  Observer  
  63  5:32  Sentry x3  
  63  5:33  Zealot  
  63  5:35  Probe (Chrono Boost)  
  73  5:36  Probe (Chrono Boost)  
  73  5:40  Archon x2  
  73  5:42  Nexus  
  73  5:44  Blink  
  73  5:45  Nexus  
  73  5:48  Immortal  
  73  5:49  Probe (Chrono Boost)  
  78  5:57  Pylon  
  78  5:59  Pylon  
  78  6:09  Protoss Ground Weapons Level 1  
  78  6:15  Probe (Chrono Boost)  
  78  6:17  Probe (Chrono Boost)  
  80  6:19  Pylon  
  80  6:24  Immortal  
  80  6:26  Probe (Chrono Boost)  
  80  6:29  Probe (Chrono Boost)  
  86  6:37  Probe (Chrono Boost)  
  86  6:39  Stalker x2  
  92  6:40  Stalker  
  92  6:41  Probe (Chrono Boost)  
  94  6:47  Probe (Chrono Boost)  
  94  6:53  Probe (Chrono Boost)  
  96  6:57  Assimilator  
  96  6:58  Probe (Chrono Boost), Immortal  
  96  6:59  Probe (Chrono Boost)  
  98  7:02  Assimilator  
  98  7:05  Probe (Chrono Boost)  
  98  7:08  Pylon  
  103  7:11  Probe (Chrono Boost)  
  103  7:12  Probe (Chrono Boost)  
  105  7:18  Probe (Chrono Boost)  
  105  7:21  Photon Cannon  
  108  7:24  Probe x2 (Chrono Boost)  
  108  7:33  Immortal  
  108  7:35  Stalker x2  
  108  7:36  Stalker x4  
  123  7:45  Gateway x2  
  123  7:47  Pylon  
  123  7:48  Pylon  
  123  7:49  Pylon  
  123  7:53  Photon Cannon  
  123  7:55  Pylon  
  123  8:02  Protoss Ground Weapons Level 2  
  123  8:10  Stalker x3  
  129  8:16  Immortal  
  129  8:19  Robotics Facility  
  129  8:20  Robotics Bay  
  129  8:24  Sentry x3  
  139  8:45  Nexus  
  139  8:47  Pylon  
  139  8:49  Pylon  
  139  8:53  Observer  
  140  8:56  Extended Thermal Lance  
  140  8:59  Colossus  
  140  9:05  Pylon  
  140  9:06  Colossus  
  152  9:22  Photon Cannon  
  152  9:23  Gateway x2  
  152  9:26  Stalker  
  152  9:27  Stalker x5  
  152  9:28  Assimilator  
  164  9:33  Assimilator  
  164  9:46  Colossus  
  164  9:53  Colossus  
  164  9:59  Pylon  
  170  10:04  Pylon  
  176  10:21  Protoss Ground Weapons Level 3  
  176  10:24  Charge  
  176  10:34  Templar Archives  
  176  11:00  Stargate  
  176  11:02  Stargate  
  176  11:05  Observer x2  
  176  11:08  Stalker  
  176  11:09  Stalker x6  
  192  11:11  Stalker  
  192  11:13  Psionic Storm  
  189  11:29  Observer  
  189  11:32  Observer  
  191  11:39  Observer Gravitic Boosters  
  191  11:44  Fleet Beacon  
  160  12:22  High Templar x4  
  152  12:23  Tempest x2  
  164  12:36  Zealot x2, Protoss Air Weapons Level 1  
  164  12:37  Zealot x4  
  172  12:43  Immortal x2  
  184  12:46  Nexus  
  176  13:12  High Templar x4  
  180  13:13  Zealot x6  
  180  13:17  Archon x2  
  193  13:20  Protoss Shields Level 1  
  193  13:21  Tempest  
  195  13:53  Pylon  
  195  13:55  Pylon  
  191  13:56  Oracle  
  191  14:00  Tempest  
  176  14:14  Photon Cannon  
  176  14:16  Photon Cannon  
  176  14:18  High Templar x4, Photon Cannon  
  176  14:20  Photon Cannon  
  176  14:21  Protoss Air Weapons Level 2, Photon Cannon  
  176  14:22  Immortal x2  
  176  14:23  Archon x2, Photon Cannon  
  192  14:25  Photon Cannon  
  192  14:26  Zealot, High Templar x2  
  192  14:27  Zealot, Photon Cannon  
  192  14:30  Photon Cannon  
  200  14:32  Photon Cannon  
  200  14:36  Assimilator  
  200  14:42  Assimilator  
  200  14:43  Nexus  
  200  14:45  Pylon  
  200  14:47  Pylon  
  200  14:59  Archon  
  200  15:08  Photon Cannon  
  200  15:19  Photon Cannon  
  200  15:20  Gateway  
  200  15:24  Photon Cannon  
  199  15:29  Zealot  
  198  15:35  Probe (Chrono Boost)  
  198  15:46  Void Ray  
  198  15:47  Probe (Chrono Boost), Void Ray  
  195  15:51  Protoss Shields Level 2  
  189  16:13  Stargate  
  189  16:15  Stargate  
  189  16:16  Stargate  
  189  16:18  Stargate  
  189  16:33  Gateway  
  189  16:34  Gateway  
  189  16:37  Gateway  
  189  16:39  Protoss Air Weapons Level 3, Photon Cannon  
  189  16:41  Photon Cannon  
  189  16:43  Tempest  
  189  16:44  Photon Cannon  
  189  16:47  Photon Cannon  
  189  16:49  Assimilator  
  189  16:54  Assimilator  
  189  17:23  Void Ray x2  
  197  18:08  Void Ray x2  
  197  18:13  Protoss Shields Level 3, Void Ray  
  197  18:14  Void Ray x2  
  197  18:26  Void Ray  
  197  18:49  Observer x2  
  199  19:02  Protoss Air Armor Level 1  
  199  19:28  Nexus  
  199  19:31  Pylon  
  199  19:42  Void Ray  
  197  19:51  Oracle  
  195  20:21  Void Ray  
  199  20:30  Photon Cannon  
  199  20:31  Photon Cannon  
  199  20:33  Photon Cannon  
  199  20:35  Photon Cannon  
  199  20:36  Photon Cannon  
  199  20:37  Photon Cannon  
  199  20:38  Photon Cannon  
  199  20:40  Photon Cannon  
  199  20:42  Pylon x2  
  199  20:44  Photon Cannon  
  199  20:46  Photon Cannon  
  199  20:51  Assimilator  
  199  20:55  Assimilator  
  197  21:16  Tempest  
  197  21:21  Protoss Air Armor Level 2  
  197  21:23  Protoss Ground Armor Level 1  
  197  22:13  Dark Templar  
  182  23:30  Immortal x2  
  193  23:39  High Templar x5  
  194  24:19  Mothership Core (Chrono Boost)  
  187  24:40  Oracle x2  
  199  24:51  Dark Templar  
  197  25:40  Pylon  
  196  26:01  Tempest x4  
  196  26:04  Protoss Air Armor Level 3  
  179  26:05  Protoss Ground Armor Level 2  
  179  26:07  Tempest  
  179  26:08  Tempest  
  198  26:16  Gateway  
  198  26:19  High Templar  
  200  26:36  Photon Cannon  
  200  26:38  Photon Cannon  
  200  26:39  Photon Cannon  
  200  26:41  Photon Cannon  
  200  26:42  Photon Cannon  
  200  26:43  Photon Cannon  
  200  26:44  Photon Cannon  
  200  26:46  Pylon  
  200  26:49  Pylon  
  200  27:10  Oracle x2  
  193  27:30  Void Ray  
  193  27:31  Void Ray  
  193  27:34  Oracle  
  200  27:43  Gateway  
  200  27:45  Gateway  
  200  27:47  Gateway  
  200  27:48  Gateway  
  200  27:51  Gateway  
  200  27:53  Gateway  
  200  27:55  Gateway  
  200  27:56  Gateway  
  180  29:05  Stalker x10  
  180  29:06  Stalker x3  
  144  29:18  Void Ray x2  
  144  29:19  Void Ray x2  
  116  29:24  Void Ray  
  116  29:25  Void Ray  
  138  29:35  Zealot x2  
  138  29:36  Zealot x12  
  138  29:37  Zealot x9  
  174  30:08  High Templar, Tempest x2  
  174  30:09  High Templar x17  
  174  30:10  High Templar x2  
  174  30:11  High Templar  
  198  30:30  Archon x3  
  198  30:31  Archon x3  
  198  30:32  Archon  
  198  30:35  Tempest  
  198  30:37  Protoss Ground Armor Level 3  
  198  31:07  Observer x2  
  189  33:15  Stalker x4  
  189  33:16  Stalker x7  
  189  33:17  Stalker x7  
  189  33:18  Stalker  
  189  33:19  Stalker x4  
  125  33:38  Observer x2  
  123  33:44  Zealot x13  
  123  33:45  Zealot x10  
  167  34:00  Observer x2  
  169  34:08  Oracle  
  163  34:11  Oracle  
  163  34:14  Zealot  
  163  34:15  High Templar x2  
  163  34:16  Zealot x3, High Templar x2  
  163  34:17  Zealot x10  
  184  34:19  Archon  
  184  34:20  Archon  
  195  35:10  Zealot x2  
  190  35:45  Zealot x5  
  162  36:34  Zealot x16  
  162  36:35  Zealot x4  

Tags
 
Add a new tag
Caveats
  • Supply blocks, unpowered buildings, or Contaminate may cause inaccurate times.
  • Supply counts are checked every 10 seconds.